 Dungeon Crawl Stone Soup version 0.28-a0-1347-g113dc556a4 (webtiles) character file.

Game seed: 16471814072850405463

246 rogsnak the Gusty (level 5, 0/37 HPs)
             Began as a Demonspawn Air Elementalist on Dec 29, 2021.
             Slain by a gnoll (5 damage)
             ... on level 4 of the Dungeon.
             The game lasted 00:07:53 (5382 turns).

rogsnak the Gusty (Demonspawn Air Elementalist)     Turns: 5382, Time: 00:07:54

Health: 0/37       AC:  2    Str:  8    XL:     5   Next: 84%
Magic:  8/9        EV: 12    Int: 19    God:
Gold:   150        SH:  0    Dex: 13    Spells: 2/10 levels left

rFire   . . .      SeeInvis .   n - +1 war axe (elec)
rCold   . . .      Faith    .   q - orb {light}
rNeg    . . .      Spirit   .   a - +0 robe
rPois   .          Reflect  .   (helmet restricted)
rElec   .          Harm     .   (no cloak)
rCorr   .          Rampage  .   (no gloves)
Will    .....                   (no boots)
Stlth   +.........              (no amulet)
HPRegen 0.12/turn               (no ring)
MPRegen 0.11/turn               (no ring)

@: glowing
A: antennae 2, ignite blood 1, demonic touch 1
a: no special abilities


You were on level 4 of the Dungeon.
You visited 1 branch of the dungeon, and saw 5 of its levels.

You collected 150 gold pieces.

Inventory:

Hand Weapons
 b - a +0 dagger
 k - a +0 mace
 n - a +1 war axe of electrocution (weapon)
Missiles
 p - 8 poisoned darts
Armour
 a - a +0 robe (worn)
 q - an orb of light (worn)
 v - a +0 buckler
 z - a scarf of shadows
Jewellery
 m - a ring of willpower
 u - a +6 ring of intelligence
Wands
 w - a wand of polymorph (12)
Scrolls
 d - a scroll of brand weapon {unknown}
 e - 3 scrolls of immolation {unknown}
 f - 2 scrolls of noise {unknown}
 g - 4 scrolls of identify {unknown}
 h - a scroll of enchant weapon {unknown}
 i - a scroll of silence {unknown}
 s - a scroll of vulnerability {unknown}
 x - a scroll of teleportation {unknown}
 y - a scroll of magic mapping {unknown}
Potions
 c - 3 potions of flight {unknown}
 j - 2 potions of degeneration {unknown}
 l - a potion of brilliance {unknown}
 o - a potion of magic {unknown}
 r - a potion of lignification {unknown}
 t - 2 potions of mutation {unknown}


   Skills:
 + Level 1.0 Fighting
 + Level 2.1 Dodging
 - Level 1.7 Stealth
 + Level 3.1 Spellcasting
 * Level 3.6 Conjurations
 + Level 4.0 Air Magic


You had 2 spell levels left.
You knew the following spells:

 Your Spells              Type           Power      Damage    Failure   Level
a - Shock                 Conj/Air       68%        1d7       3%          1
b - Swiftness             Air            18%        N/A       9%          3
c - Airstrike             Air            9%         N/A       28%         4

Your spell library contained the following spells:

 Spells                   Type           Power      Damage    Failure   Level
 Magic Dart               Conj           64%        1d6       3%          1
 Static Discharge         Conj/Air       17%        N/A       4%          2
 Call Imp                 Summ           2%         N/A       22%         2
 Mephitic Cloud           Conj/Pois/Air  12%        N/A       16%         3
 Call Canine Familiar     Summ           2%         N/A       41%         3
 Portal Projectile        Hex/Tloc       4%         N/A       41%         3
 Animate Dead             Necr           1%         N/A       83%         4
 Leda's Liquefaction      Hex/Erth       1%         N/A       83%         4
 Haunt                    Necr/Summ      1%         N/A       100%        7
 Infestation              Necr           1%         N/A       100%        8


Dungeon Overview and Level Annotations

Branches:
Dungeon (5/15)
 Temple: D:4-7

Altars:


Innate Abilities, Weirdness & Mutations

You have a pair of antennae on your head.
Your demonic aura sometimes causes spilled blood to erupt in flames.
Your touch may inflict minor irresistible damage on your foes.


Message History

z - a scarf of shadows The gnoll shaman calls upon its god to speed up the gnoll.
The gnoll seems to speed up.
You hear a shout!
The gnoll throws a throwing net.
The throwing net hits you.
You become entangled in the net!
You see here a throwing net.
You struggle against the net.
You struggle against the net.
A gnoll comes into view. It is wielding a +0 whip.
The gnoll hits you with a +0 club!
You rip the net and break free!
The gnoll shouts!
You hear a shout!
The gnoll hits you with a +0 club.
A gnoll comes into view. It is wielding a +0 flail.
The gnoll misses you. The gnoll closely misses you.
The gnoll shaman calls upon its god to speed up the gnoll.
The gnoll seems to speed up.
The gnoll hits you with a +0 club. The gnoll misses you.
The gnoll barely misses you. x2
The gnoll misses you. The gnoll completely misses you.
The gnoll hits you with a +0 club. The gnoll hits you with a +0 club!
The gnoll closely misses you.
There is a stone staircase leading up here.
The gnoll completely misses you. The gnoll hits you with a +0 club!
* * * LOW HITPOINT WARNING * * *
You climb upwards.
There is a stone staircase leading down here.
Unknown command.
Casting: Shock (safe; 3% risk of failure)
Confirm with . or Enter, or press ? or * to list all spells.
Aiming: Shock (safe; 3% risk of failure)
Press: ? - help, Shift-Dir - straight line The zap misses the gnoll.
The zap hits the gnoll.
The gnoll is lightly wounded.
The gnoll hits you with a +0 club.
You die...

#..>..#......'.......
#.....#......#..(....
#.....#......#.......
#.....#......#.......
#.....#......#.......
########.....#..##.##..##...
#.........####..#####..##...
#.........#.....#......#....
#.........#@....#......#....
#.........#g....'......+....
######.........###'##############
.................................
......#########..................
......'.......#..................
......#.......#..................
......#.......#..................
......########################'##


You could see a gnoll (fast).

Vanquished Creatures
  A scorpion (D:5)
  A bullfrog skeleton (D:5)
  An iguana (D:4)
  An orc wizard (D:4)
  An adder (D:3)
  3 adder skeletons
  2 dart slugs
  6 orcs
  3 bats
  10 endoplasms
  A giant cockroach (D:1)
  10 hobgoblins
  7 jackals (D:3)
  7 quokkas
  4 ball pythons
  3 frilled lizards
  3 goblins
  8 kobolds
  5 rats
77 creatures vanquished.

Notes
Turn   | Place    | Note
-------+----------+-------------------------------------------
     0 | D:1      | rogsnak the Demonspawn Air Elementalist began the quest for
                  | the Orb.
     0 | D:1      | Reached XP level 1. HP: 13/13 MP: 3/3
   119 | D:1      | Reached skill level 3 in Air Magic
   195 | D:1      | Gained mutation: Your demonic aura sometimes causes spilled
                  | blood to erupt in flames. [demonic ancestry]
   195 | D:1      | Reached XP level 2. HP: 12/19 MP: 0/5
  1304 | D:1      | Discovered your monstrous ancestry.
  1304 | D:1      | Gained mutation: You have a pair of small antennae on your
                  | head. [demonic ancestry]
  1304 | D:1      | Reached XP level 3. HP: 24/24 MP: 1/6
  1575 | D:1      | Found a faded altar of an unknown god.
  3342 | D:3      | Gained mutation: You have a pair of antennae on your head.
                  | [demonic ancestry]
  3342 | D:3      | Reached XP level 4. HP: 30/30 MP: 4/7
  3995 | D:4      | Learned a level 3 spell: Swiftness
  4349 | D:4      | Gained mutation: Your touch may inflict minor irresistible
                  | damage on your foes. [demonic ancestry]
  4349 | D:4      | Reached XP level 5. HP: 36/36 MP: 3/9
  4940 | D:4      | Learned a level 4 spell: Airstrike
  5161 | D:5      | Entered Level 5 of the Dungeon
  5187 | D:5      | Reached skill level 1 in Fighting
  5187 | D:5      | Reached skill level 4 in Air Magic
  5382 | D:4      | Slain by a gnoll

Illustrated notes

Levels and vault maps discovered:
D:1:      dpeg_arrival_ternary, layout_loops_ring,
          chequers_ecumenical_altar_lobes, minmay_hexomino_p4
D:2:      layout_loops_corners
D:3:      wander_river, layout_basic, kennysheep_potato
D:4:      layout_gridville
D:5:      layout_cave_pools, ebering_ghost_reflecting_pool, serial_column_ruins,
          column_ruins_columns_corner, column_ruins_corridor_straight,
          column_ruins_columns_straight, serial_shops, nicolae_shop_crystal,
          uniq_sigmund

Skill      XL: |  1  2  3  4  5 |
---------------+----------------+-----
Air Magic      | 3 4 |  4.0
Dodging        | 2 |  2.1
Conjurations   | 2 3 |  3.6
Fighting       | 1 |  1.0
Spellcasting   | 3 |  3.1
Stealth        | |  1.7

Action                   |  1- 3 |  4- 6 || total
-------------------------+-------+-------++-------
Melee: Unarmed           |     8 |       ||     8
       Dagger            |    26 |       ||    26
       Mace              |     5 |       ||     5
       War axe           |     2 |    20 ||    22
 Cast: Shock             |    96 |    50 ||   146
 Stab: Sleeping          |     1 |       ||     1
Armor: Robe              |     3 |     1 ||     4
Dodge: Dodged            |    20 |    27 ||    47

Table legend: (Time is in decaauts)
 A = Elapsed time spent in this place.
 B = Non-inter-level travel time spent in this place.
 C = Inter-level travel time spent in this place.
 D = Time resting spent in this place.
 E = Time spent auto-exploring this place.
 F = Levels seen in this place.
 G = Mean time per level.
                   A        B        C        D        E       F      G
               +--------+--------+--------+--------+--------+-----+--------+
         Total |   5430 |   5310 |    120 |    923 |   3659 |   5 | 1086.0 |
       Dungeon |   5430 |   5310 |    120 |    923 |   3659 |   5 | 1086.0 |
               +--------+--------+--------+--------+--------+-----+--------+

Top non-repeatable levels by time:
     D:1: 1860 daAuts
     D:2: 1188 daAuts
     D:3: 1119 daAuts
     D:4: 1038 daAuts
     D:5: 222 daAuts
